AoeStats
← x.jingfu

Lombardia

509545794Analyzed
3v3 RM · 5d ago on Sep 27, 2026· 15m 59s· 6 players
Game mode
Random Map
Map size
Normal (6 player)
Population
200
Speed
Normal
Resources
Standard
Victory
Conquest
Starting age
Dark Age
Ending age
Imperial Age
RankedLock teamsTeams togetherTeam positionsShared explorationLock speedFull tech treeHidden civsTurbo modeCheats
Victory
Defeat
🇺🇾 Britons · Uruguay
1229
+14
🇺🇸 Lithuanians · United States
1179
+16
🇦🇷 Magyars · Argentina
1178
+15
🇸🇪 Franks · Sweden
1180
-15
🇺🇸 Varangians · United States
1171
-15
🇺🇸 Tupi · United States
1169
-15
SoloTheDog
8:07 Loom
10:16 Feudal Age
13:22 Champi Runner
InXision
11:02 Feudal Age
11:10 Man-at-Arms
x.jingfu
4:35 Loom
5:02 Loom
12:43 Feudal Age
13:33 Double-Bit Axe
17:04 Castle Age
15:38 Gold Mining
EL TÍO TUPAKIER
7:41 Loom
10:03 Feudal Age
10:37 Double-Bit Axe
11:15 Horse Collar
IsabelSabe
7:28 Loom
9:43 Feudal Age
10:35 Double-Bit Axe
13:47 Bloodlines
BOT [Quaa]
3:01 Loom
9:56 Feudal Age
10:49 Double-Bit Axe
13:30 Horse Collar
Connection lost

Rejoining the realm…

Still unreachable

The connection could not be restored.

Session expired

The server has moved on; the page needs a fresh start.